 Dungeon Crawl Stone Soup version 0.28-a0-1117-g0bdd5ba030 (webtiles) character file.

Game seed: 6233325874046715099

534 SensoryNuts the Skirmisher (level 7, -8/60 HPs)
             Began as a Red Draconian Fighter on Dec 11, 2021.
             Was a Believer of Vehumet.
             Succumbed to Sigmund's poison
             ... on level 5 of the Dungeon.
             The game lasted 00:06:36 (3466 turns).

SensoryNuts the Skirmisher (Red Draconian Fighter)  Turns: 3466, Time: 00:06:36

Health: -8/60      AC:  6    Str: 26    XL:     7   Next: 4%
Magic:  7/7        EV: 12    Int:  8    God:    Vehumet [**....]
Gold:   167        SH:  0    Dex:  9    Spells: 3/6 levels left

rFire   + . .      SeeInvis .   c - +2 quarterstaff (chaos)
rCold   . . .      Faith    .   (shield currently unavailable)
rNeg    . . .      Spirit   .   (armour unavailable)
rPois   .          Reflect  .   (helmet restricted)
rElec   .          Harm     .   (no cloak)
rCorr   .          Rampage  .   (no gloves)
Will    .....                   (no boots)
Stlth   +.........              (no amulet)
HPRegen 0.20/turn               f - +6 ring of strength
MPRegen 0.10/turn               (no ring)

@: brilliant, lethally poisoned (-8 -> -50)
A: breathe fire, AC +6, unfitting armour, fire resistance 1, cold-blooded,
hooves 1, clumsy 1
a: Breathe Fire, Renounce Religion


You were on level 5 of the Dungeon.
You worshipped Vehumet.
Vehumet was pleased with you.
You visited 1 branch of the dungeon, and saw 5 of its levels.

You collected 167 gold pieces.

Inventory:

Hand Weapons
 a - a +0 long sword
 c - a +2 quarterstaff of chaos (weapon)
Armour
 b - a +0 buckler
 d - a +1 helmet
Magical Staves
 e - a staff of fire
Jewellery
 f - a +6 ring of strength (left hand)
 i - a ring of protection from cold
 j - a ring of protection from fire
 l - an amulet of the acrobat
Scrolls
 g - a scroll of fog
 h - a scroll of blinking {unknown}
 k - a scroll of vulnerability {unknown}
 m - a scroll of identify {unknown}
 n - a scroll of noise {unknown}
Potions
 o - a potion of brilliance


   Skills:
 + Level 4.9 Fighting
 + Level 3.9 Long Blades
 + Level 3.2 Staves
 + Level 3.9 Dodging
 + Level 1.5 Stealth
 + Level 3.8 Shields


You had 3 spell levels left.
You knew the following spells:

 Your Spells              Type           Power      Damage    Failure   Level
a - Sandblast             Erth           0%         2d4       41%         1
b - Poisonous Vapours     Pois/Air       0%         N/A       54%         2

Your spell library contained the following spells:

 Spells                   Type           Power      Damage    Failure   Level
 Gell's Gravitas          Tloc           0%         N/A       78%         3
 Teleport Other           Tloc           0%         N/A       78%         3
 Dispersal                Tloc           0%         N/A       100%        6


Dungeon Overview and Level Annotations

Branches:
Dungeon (5/15)
 Temple: D:4-7

Altars:
Vehumet

Shops:
D:4 (!

Annotations:
D:5 Sigmund


Innate Abilities, Weirdness & Mutations

You can breathe blasts of fire.
Your fiery red scales are hard. (AC +6)
You cannot fit into any form of body armour.
Your flesh is heat resistant. (rF+)
You are cold-blooded and may be slowed by cold attacks.
You have large cloven feet.
You are clumsy. (Dex -2)


Message History

Sigmund is nearby!
Found a stone staircase leading up.
Sigmund gestures at you while chanting. The magic dart hits you.
Sigmund laughs darkly.
Aiming: Breathe Fire (5% risk of failure)
Press: ? - help, Shift-Dir - straight line, f - Sigmund
Aim: Sigmund, wielding a +4 scythe of venom, wearing a +0 robe and carrying a wand of flame (18)
You breathe a blast of fire.
The fiery breath hits Sigmund!
Sigmund is moderately wounded.
Okay, then.
An ogre comes into view. It is wielding a +0 giant spiked club.
Sigmund hits you from afar with a +4 scythe of venom!
You are poisoned.
Found a scroll labelled TYPE BAIQAEPH.
You feel very sick.
Sigmund gestures wildly while chanting.
Sigmund flickers and vanishes!
Deactivating autopickup; reactivate with Ctrl-A.
You closely miss something. You kick something.
You feel very sick. Something hits you.
You are more poisoned.
You thump something! You tail-slap something.
You feel very sick. Something barely misses you.
It was a potion of brilliance.
You feel clever all of a sudden.
You feel very sick.
You have got your breath back.
You feel sick. Something hits you!
You are lethally poisoned!
You closely miss something. You kick something.
* * * LOW HITPOINT WARNING * * *
You feel very sick. Something hits you!
* * * LOW HITPOINT WARNING * * *
You are more poisoned.
You miss something. You kick something.
You die...

...... ......
...... ....#..
...... ##.........#
?.....##...........
#..........<. .....
#..........# .....
...........# .....
..###..@##.##..#
......{........#
......#....<#..#
.....##>..#.# ...
..##. #...#... . .
. #........O .
.......##... ..
......... ...
.......... .#


There were no monsters in sight!

Vanquished Creatures
  A necrophage (D:4)
  An ogre (D:4)
  2 scorpions (D:4)
  2 hounds (D:4)
  Crazy Yiuf (D:2)
  3 gnolls (D:2)
  4 adders
  An adder skeleton (D:4)
  3 worms
  5 dart slugs
  2 orcs
  5 endoplasms
  2 giant cockroaches
  3 goblins
  7 hobgoblins
  4 jackals (D:2)
  2 quokkas (D:1)
  8 ball pythons
  3 bats
  A frilled lizard (D:3)
  13 kobolds
  3 rats (D:2)
76 creatures vanquished.

Vanquished Creatures (others)
  2 plants (D:1)
2 creatures vanquished.

Grand Total: 78 creatures vanquished

Notes
Turn   | Place    | Note
-------+----------+-------------------------------------------
     0 | D:1      | SensoryNuts the Draconian Fighter began the quest for the
                  | Orb.
     0 | D:1      | Reached XP level 1. HP: 19/19 MP: 1/1
   412 | D:1      | Reached XP level 2. HP: 26/26 MP: 2/2
   922 | D:2      | Reached XP level 3. HP: 33/33 MP: 3/3
  1130 | D:2      | Found a faded altar of an unknown god.
  1168 | D:2      | Prayed at the altar of an unknown god.
  1168 | D:2      | Became a worshipper of Vehumet
  1168 | D:2      | Reached * piety under Vehumet
  1168 | D:2      | Offered knowledge of Sandblast by Vehumet.
  1177 | D:2      | Learned a level 1 spell: Sandblast
  1234 | D:2      | Reached skill level 4 in Fighting
  1234 | D:2      | Reached XP level 4. HP: 40/40 MP: 4/4
  1267 | D:2      | Gained mutation: You are weak. (Str -2) [potion of
                  | mutation]
  1267 | D:2      | Gained mutation: You are clumsy. (Dex -2) [potion of
                  | mutation]
  1267 | D:2      | Gained mutation: You have large cloven feet. [potion of
                  | mutation]
  1267 | D:2      | Lost mutation: You are weak. (Str -2) [potion of mutation]
  1462 | D:2      | Found a runed translucent door.
  1463 | D:2      | Noticed Crazy Yiuf
  1766 | D:2      | Killed Crazy Yiuf
  1986 | D:3      | Reached XP level 5. HP: 47/47 MP: 5/5
  2257 | D:3      | Reached ** piety under Vehumet
  2557 | D:4      | Reached skill level 1 in Staves
  2563 | D:4      | Found Kialy's Antique Weapon Boutique.
  2636 | D:4      | Offered knowledge of Poisonous Vapours by Vehumet.
  2673 | D:4      | Learned a level 2 spell: Poisonous Vapours
  2747 | D:4      | Reached skill level 1 in Stealth
  2796 | D:4      | Reached XP level 6. HP: 18/53 MP: 6/6
  3149 | D:4      | Found Tiofiasi's Distillery.
  3443 | D:4      | Your scales start taking on a fiery red colour.
  3443 | D:4      | Reached XP level 7. HP: 49/60 MP: 7/7
  3443 | D:4      | Gained mutation: Your flesh is heat resistant. (rF+) [Red
                  | Draconian growth]
  3455 | D:5      | Entered Level 5 of the Dungeon
  3455 | D:5      | Noticed Sigmund
  3465 | D:5      | HP: 1/60 [something (12)]
  3466 | D:5      | Succumbed to Sigmund's poison

Illustrated notes

Levels and vault maps discovered:
D:1:      eino_arrival_water_cross, layout_rooms, serial_bayou_lagoon_b
D:2:      layout_rooms, shapermc_ecumenical_altar_starsandcircs,
          minmay_tromino_i4, uniq_crazy_yiuf_cottage
D:3:      layout_basic
D:4:      layout_rooms, serial_shops, nicolae_stop_n_shop_2,
          nicolae_shop_crystal, minmay_ruptured
D:5:      layout_cave_pools, serial_shops, kennysheep_little_box, sigmund_army,
          uniq_sigmund

Skill      XL: |  1  2  3  4  5  6 |
---------------+-------------------+-----
Dodging        | 3 |  3.9
Fighting       | 4 |  4.9
Long Blades    | 3 |  3.9
Staves         | 1 3 |  3.2
Stealth        | 1 |  1.5
Shields        | |  3.8

Action                   |  1- 3 |  4- 6 |  7- 9 || total
-------------------------+-------+-------+-------++-------
Melee: Long sword        |    96 |    24 |       ||   120
       Tailslap          |     9 |     9 |     1 ||    19
       Quarterstaff      |       |    73 |     4 ||    77
       Kick              |       |    28 |     3 ||    31
 Abil: Breathe Fire      |       |       |     1 ||     1
  Use: Potion            |       |    10 |     1 ||    11
       Scroll            |       |     3 |       ||     3
 Stab: Sleeping          |       |     1 |       ||     1
Armor: Skin              |    30 |    23 |       ||    53
Dodge: Dodged            |    45 |    61 |     1 ||   107
Block: Buckler           |    23 |     5 |       ||    28

Table legend: (Time is in decaauts)
 A = Elapsed time spent in this place.
 B = Non-inter-level travel time spent in this place.
 C = Inter-level travel time spent in this place.
 D = Time resting spent in this place.
 E = Time spent auto-exploring this place.
 F = Levels seen in this place.
 G = Mean time per level.
                   A        B        C        D        E       F      G
               +--------+--------+--------+--------+--------+-----+--------+
         Total |   3554 |   3554 |      0 |      0 |   2655 |   5 |  710.8 |
       Dungeon |   3554 |   3554 |      0 |      0 |   2655 |   5 |  710.8 |
               +--------+--------+--------+--------+--------+-----+--------+

Top non-repeatable levels by time:
     D:2: 1015 daAuts
     D:1: 939 daAuts
     D:4: 917 daAuts
     D:3: 670 daAuts
     D:5: 11 daAuts
